Cogmind - Beta 10.2 @@@ ROGUE MODE // 2020.12.15 @ 10:41:13 Player: sweetandcool Result: Destroyed by P-80 Master with Gamma Rifle Performance ------------- Evolutions (9) 4500 Regions Visited (31) 6200 Robots Destroyed (199) 995 Value Destroyed (9588) 9588 Prototype IDs (70) 1400 Alien Tech Used (0) 0 Bonus (10836) 10836 TOTAL SCORE: 33519 Bonus ------- High Alert Combat Kills 796 Follower Combat Kills 3568 Entered Garrisons 1800 Used RIF Installer 3500 Aligned with FarCom 300 Built Enhanced Grunts 300 A7 Reached Mainframe 300 Met R17 at Cetus 500 Friendly Fire -228 Cogmind --------- Core Integrity 0/1600 Matter 170/300 Energy 590/600 System Corruption 12% Temperature Cool (4) Movement Treading (145) Location -1/Access Parts ------- > --- POWER (3) -------- Quantum Reactor Improved Quantum Reactor > --- PROPULSION (5) --- Advanced Heavy Treads Improved Linear Gravjet Cooled Impulse Thruster > --- UTILITY (15) ----- Advanced Terrain Scan Processor Advanced Targeting Computer Advanced Hacking Suite Advanced Component Analysis Suite > --- WEAPON (2) ------- Stasis Projector > --- INVENTORY (4) ---- HERF Cannon Peak State ------------ > --- POWER ------------ Light Quantum Reactor Improved Quantum Reactor > --- PROPULSION ------- Field Propulsion Array Field Propulsion Array > --- UTILITY ---------- Advanced Cryofiber Web Medium Storage Unit Experimental Energy Well Inertial Stasis Machine Advanced Signal Interpreter Advanced Terrain Scan Processor Advanced Targeting Computer Improved Stasis Canceller Improved Transmission Jammer Reaction Control System Advanced Shield Generator Hacking Suite Advanced Hacking Suite Experimental System Shield Relay Coupler [ARC] > --- WEAPON ----------- Improved Remote Datajack > --- INVENTORY -------- Quantum Reactor Experimental Gyrokinetic Inverter Experimental Gyrokinetic Inverter Heavy Tesla Rifle Long-range Proton Cannon HERF Cannon Centrium Greatsword [Rating: 143] Favorites ----------- Power Cooled Ion Engine Engine Cooled Ion Engine Power Core Enhanced Nuclear Core Reactor Quantum Reactor Propulsion Gyrokinetic Inverter Treads Light Treads Leg Aluminum Leg Hover Unit Gyrokinetic Inverter Flight Unit Flying Fortress v7 Utility Large Storage Unit Device Advanced Heat Sink Storage Large Storage Unit Processor Advanced Terrain Scan Processor Hackware Hacking Suite Protection Improved Light Armor Plating Weapon Mini Grenade Launcher Energy Gun Advanced Variable Charge Gun Energy Cannon HERF Cannon Ballistic Gun Shotgun Ballistic Cannon Gauss Cannon Launcher Mini Grenade Launcher Special Weapon Remote Datajack Slashing Weapon Axe Build | -11 -10 -10 -9 -9 -9 -8 -8 -8 -7 -7 -7 -7 -6 -6 -6 -6 -5 -5 -5 -4 -4 -4 -4 -3 -2 -2 -2 -2 -1 -1 -1 ------- Run | Scr Mat Min Mat Min Exi Min Mat Gar Fac Gar Fac Gar Fac Gar Fac Gar Fac Ext Cet Fac Was Fac Gar Res Res Gar Res Gar Acc Gar Acc Slots Evolved 18 | . . . 2 . . . 2 . 2 . . . 2 . . . 2 . . 2 . . . 2 2 . . . 2 . . Power 2 | . . . . . . . . . . . . . 1 . . . . . . . . . . . . . . . 1 . . Propulsion 3 | . . . . . . . 1 . 1 . . . . . . . . . . . . . . . . . . . 1 . . Utility 13 | . . . 2 . . . 1 . 1 . . . 1 . . . 2 . . 2 . . . 2 2 . . . . . . Weapon . | . . . . . . . . . . . . . . . . . . . . . . . . . . . . . . . . Parts Attached 373 | 7 3 9 47 . 2 . 3 3 6 26 20 20 14 3 14 12 19 29 17 4 11 3 4 17 15 11 26 3 11 . 14 Power 48 | 1 . 2 5 . . . . . . 2 4 . 4 . 3 1 1 4 6 . 1 . 1 4 1 1 3 . 1 . 3 Engine 15 | 1 . 2 5 . . . . . . 1 3 . . . 2 1 . . . . . . . . . . . . . . . Core 15 | . . . . . . . . . . 1 1 . 4 . 1 . 1 4 3 . . . . . . . . . . . . Reactor 18 | . . . . . . . . . . . . . . . . . . . 3 . 1 . 1 4 1 1 3 . 1 . 3 Propulsion 51 | 2 2 2 17 . . . 1 . 1 3 2 . 1 . . . 2 4 . . . . . 1 . . 5 . 5 . 3 Treads 19 | 2 . . 12 . . . 1 . 1 2 . . . . . . . . . . . . . . . . . . . . 1 Leg 4 | . . . 4 . . . . . . . . . . . . . . . . . . . . . . . . . . . . Wheel . | . . . . . . . . . . . . . . . . . . . . . . . . . . . . . . . . Hover 14 | . 2 2 . . . . . . . . . . . . . . . 4 . . . . . 1 . . 2 . 2 . 1 Flight 14 | . . . 1 . . . . . . 1 2 . 1 . . . 2 . . . . . . . . . 3 . 3 . 1 Utility 120 | 2 . 3 9 . 1 . 1 . 4 3 6 6 6 2 3 3 5 11 3 4 7 2 . 8 10 3 12 1 1 . 4 Device 52 | . . 3 2 . . . . . . . 2 1 2 1 . 1 1 7 . 3 6 2 . 4 3 2 7 1 1 . 3 Storage 11 | 2 . . 2 . 1 . . . . . 1 . . . . . . 1 1 1 . . . . . . 2 . . . . Processor 17 | . . . 3 . . . 1 . 2 2 . . 1 . . . 1 . . . . . . 1 5 . . . . . 1 Hackware 13 | . . . . . . . . . . . 1 . 2 . 1 2 2 1 . . . . . 1 . . 3 . . . . Protection 27 | . . . 2 . . . . . 2 1 2 5 1 1 2 . 1 2 2 . 1 . . 2 2 1 . . . . . Artifact . | . . . . . . . . . . . . . . . . . . . . . . . . . . . . . . . . Weapon 154 | 2 1 2 16 . 1 . 1 3 1 18 8 14 3 1 8 8 11 10 8 . 3 1 3 4 4 7 6 2 4 . 4 Energy Gun 53 | . . 1 4 . . . . 1 1 9 1 6 2 . 3 2 2 5 3 . 2 . 2 3 . 3 1 . . . 2 Energy Cannon 14 | . . . 3 . . . . . . 1 . . . . . . . . . . . . . . 1 3 3 . 2 . 1 Ballistic Gun 30 | 2 1 1 6 . . . . . . 2 1 2 . . 4 1 5 . 2 . . 1 1 . . . . . 1 . . Ballistic Cannon 8 | . . . . . . . . . . . . . 1 . . . 2 2 1 . 1 . . . 1 . . . . . . Launcher 30 | . . . 3 . 1 . 1 2 . 5 4 6 . 1 . 2 1 2 . . . . . . 1 1 . . . . . Special Weapon 17 | . . . . . . . . . . . 2 . . . 1 3 1 1 2 . . . . 1 1 . 2 1 1 . 1 Impact Weapon . | . . . . . . . . . . . . . . . . . . . . . . . . . . . . . . . . Slashing Weapon 2 | . . . . . . . . . . 1 . . . . . . . . . . . . . . . . . 1 . . . Piercing Weapon . | . . . . . . . . . . . . . . . . . . . . . . . . . . . . . . . . Special Melee Weapon . | . . . . . . . . . . . . . . . . . . . . . . . . . . . . . . . . Unidentified Prototypes 30 | . . 1 3 . . . . . . . 3 . 1 . 2 . 1 . 4 . 4 . . 2 1 . 6 1 . . 1 Parts Lost 94 | . . 5 6 . . . . . . 13 . 4 1 1 . . . 5 . . . . 1 14 7 14 . 2 12 7 2 Power 9 | . . 1 1 . . . . . . 1 . . . . . . . . . . . . . 3 1 1 . . . 1 . Propulsion 19 | . . 2 3 . . . . . . 3 . . . . . . . . . . . . . . 1 3 . . 5 2 . Utility 40 | . . . 1 . . . . . . 1 . 3 . 1 . . . 3 . . . . 1 8 4 5 . 2 7 3 1 Weapon 26 | . . 2 1 . . . . . . 8 . 1 1 . . . . 2 . . . . . 3 1 5 . . . 1 1 Highest Loss Streak 17 | . . 5 2 . . . . . . 8 . 2 1 1 . . . 3 . . . . 1 7 6 14 . 2 10 17 1 Average Slot Usage (%) 84 | . 87 91 95 100 100 100 100 100 91 75 75 75 79 79 80 80 85 96 100 95 97 94 95 77 48 48 66 76 71 27 33 Engine 4 | . 14 13 10 11 11 11 9 9 7 4 1 . . . . 13 7 . . . . . . . . . . . . . . Core 3 | . . . . . . . . . . 1 4 7 13 13 12 . 3 9 5 5 2 . . . . . . . . . . Reactor 1 | . . . . . . . . . . . . . . . . . . . 4 5 7 10 10 8 1 . 3 4 6 1 4 Treads 6 | . 4 . 16 22 22 22 27 27 23 5 . . . . . . . . . . . . . . . . . . . . 3 Hover 6 | . 23 27 1 . . . . . . . . . . . . . . 22 23 21 21 21 21 19 16 9 4 . . 5 3 Flight 2 | . . . . . . . . . . 4 7 7 6 6 6 6 9 . . . . . . . . . 4 8 9 . 2 Device 9 | . . 14 5 . . . . . . . 10 10 7 11 13 7 15 16 11 17 26 26 25 15 3 1 20 24 15 1 4 Storage 9 | . 16 14 11 11 15 22 18 18 15 15 15 15 13 13 8 6 1 1 5 5 5 5 5 4 4 3 3 8 8 3 . Processor 11 | . . . 21 22 22 22 27 27 22 25 12 7 6 6 . . 1 . . . . . . . 12 20 13 13 12 12 7 Hackware 6 | . . . . . . . . . . . . . 6 6 10 18 18 19 23 19 15 15 15 15 4 4 9 17 15 4 4 Protection 6 | . . . 4 11 6 . . . 7 3 7 11 11 6 12 13 12 11 11 10 10 10 10 8 . 3 . . . . . Energy Gun 4 | . . 2 6 11 11 11 4 4 3 5 2 7 4 . 6 3 3 4 9 5 7 5 5 3 . 1 . . . . 2 Ballistic Gun 4 | . 28 18 12 11 2 . . . . 2 1 3 6 6 5 1 1 . . 5 . . 1 . . . . . . 1 . Launcher 2 | . . . . . 8 11 13 13 11 4 4 4 . 1 . 3 . 1 . . . . . . 1 . . . . . . Naked Turns . | . . . . . . . . . . . . . . . . . . . . . . . . . . . . . . . . Heaviest Build 84 | 14 14 12 37 33 44 44 44 44 47 51 59 61 74 69 69 59 66 57 56 63 78 79 79 73 71 62 47 46 84 33 49 Greatest Support 73 | 40 40 12 40 40 40 40 60 60 60 72 72 72 72 72 72 72 72 64 64 64 73 73 73 73 64 32 46 46 46 42 70 Greatest Overweight (x) 15 | 2 2 . 3 . 1 1 . . 1 15 . . 1 . . . 2 1 . . 1 1 1 1 1 1 2 . 3 . . Average Overweight (x) . | . . . . . . 1 . . . . . . . . . . . . . . . . . . . . . . . . . Largest Inventory Capacity 16 | 8 8 6 10 10 16 16 16 16 16 16 16 16 16 16 16 10 10 8 8 10 10 10 10 10 10 10 8 8 8 8 4 Average Capacity 10 | 7 6 6 8 10 12 16 16 16 16 16 16 16 16 16 12 10 5 5 8 8 10 10 10 10 10 9 5 8 8 6 4 Most Carried 16 | 4 6 6 10 9 12 13 13 13 16 16 16 16 16 16 16 10 9 8 8 9 10 10 10 10 10 9 8 8 8 5 4 Average Carried 10 | 2 5 5 8 9 10 12 12 13 15 14 14 15 15 15 11 9 5 4 7 8 9 9 9 9 9 5 5 7 6 4 3 Final Capacity 16 | 8 6 6 10 10 16 16 16 16 16 16 16 16 16 16 10 10 4 8 8 10 10 10 10 10 10 4 8 8 8 4 4 Final Carried 16 | 4 6 6 9 9 12 13 13 13 16 16 16 16 16 16 9 10 4 8 8 9 10 10 9 10 9 3 8 8 5 4 1 Class Distribution -------------------- 53% | Mutant 30% | Hacker-Mutant 7% | Scout 5% | Scavenger-Mutant Dominant Class ---------------- Mutant | -10/Materials Mutant | -10/Mines Mutant | -9/Materials Mutant | -9/Mines Mutant | -9/Exiles Mutant | -8/Mines Mutant | -8/Materials Mutant | -8/Garrison Mutant | -7/Factory Mutant | -7/Garrison Scout | -7/Factory Scout | -7/Garrison Mutant | -6/Factory Mutant | -6/Garrison Hacker-Mutant | -6/Factory Hacker-Mutant | -6/Garrison Hacker-Mutant | -5/Factory Hacker-Mutant | -5/Extension Hacker-Mutant | -5/Cetus Hacker-Mutant | -4/Factory Hacker-Mutant | -4/Waste Hacker-Mutant | -4/Factory Hacker-Mutant | -4/Garrison Hacker-Mutant | -3/Research Mutant | -2/Research Mutant | -2/Garrison Hacker-Mutant | -2/Research Hacker-Mutant | -2/Garrison Hacker-Mutant | -1/Access Mutant | -1/Garrison Mutant | -1/Access Resources | -11 -10 -10 -9 -9 -9 -8 -8 -8 -7 -7 -7 -7 -6 -6 -6 -6 -5 -5 -5 -4 -4 -4 -4 -3 -2 -2 -2 -2 -1 -1 -1 ----------- Run | Scr Mat Min Mat Min Exi Min Mat Gar Fac Gar Fac Gar Fac Gar Fac Gar Fac Ext Cet Fac Was Fac Gar Res Res Gar Res Gar Acc Gar Acc Matter Collected 6135 | 312 . 236 1094 . . 20 . 128 182 368 270 502 234 257 293 283 30 700 261 . 206 38 50 166 . 120 241 . 144 . . Remotely . | . . . . . . . . . . . . . . . . . . . . . . . . . . . . . . . . Salvage Created 8246 | 102 . 125 1868 . . . 64 251 170 679 316 1107 329 371 634 266 91 302 223 . 339 83 103 96 . 158 376 . 193 . . Parts 401 | 8 . 11 127 . . . 4 10 6 30 17 56 6 12 19 21 6 12 9 . 7 2 6 5 . 6 12 . 9 . . Haulers Intercepted 13 | . . . 6 . . . . . . . 1 . 1 . 2 . . . . . . 1 . . . . 2 . . . . Recyclers Shooed 6 | . . . 1 . . . . . 2 . . . . . 1 . 1 1 . . . . . . . . . . . . . Parts Field Recycled . | . . . . . . . . . . . . . . . . . . . . . . . . . . . . . . . . Retrieved Matter . | . . . . . . . . . . . . . . . . . . . . . . . . . . . . . . . . Parts Self-Destructed . | . . . . . . . . . . . . . . . . . . . . . . . . . . . . . . . . Prevented . | . . . . . . . . . . . . . . . . . . . . . . . . . . . . . . . . Kills | -11 -10 -10 -9 -9 -9 -8 -8 -8 -7 -7 -7 -7 -6 -6 -6 -6 -5 -5 -5 -4 -4 -4 -4 -3 -2 -2 -2 -2 -1 -1 -1 ------- Run | Scr Mat Min Mat Min Exi Min Mat Gar Fac Gar Fac Gar Fac Gar Fac Gar Fac Ext Cet Fac Was Fac Gar Res Res Gar Res Gar Acc Gar Acc Combat Hostiles Destroyed 144 | . . 2 36 . . . 2 10 . 15 5 24 3 11 2 13 2 4 3 . 1 . 3 1 . 2 . . 5 . . Melee 3 | . . . . . . . . . . 1 . . . . . . . . . . . . 1 . . 1 . . . . . Guns 60 | . . 2 25 . . . . 2 . 6 . 7 3 3 2 2 1 2 2 . 1 . 2 . . . . . . . . Cannons 13 | . . . 2 . . . . . . 1 . . . 2 . . . 2 1 . . . . . . . . . 5 . . AOE 60 | . . . 9 . . . 2 8 . 7 3 12 . 6 . 11 1 . . . . . . 1 . . . . . . . Classes Destroyed 18 | 2 . 2 8 . . . 1 . . 2 . . . . . . . . . . 1 . 2 . . . . . . . . Worker 17 | . . 4 5 . . . . . 3 . . . . . 2 . 3 . . . . . . . . . . . . . . Builder 3 | . . . 1 . . . . . . . . . . . . . . 1 . . . . . . . . 1 . . . . Tunneler 5 | 2 . 1 1 . . . . . 1 . . . . . . . . . . . . . . . . . . . . . . Hauler 13 | . . . 6 . . . . . . . 1 . 1 . 2 . . . . . . 1 . . . . 2 . . . . Recycler 6 | 1 . . 1 . . . . . 1 . . . . . 2 . . . . . . . . . . . 1 . . . . Mechanic 3 | . . . 1 . . . . . . . . . 1 . . . . 1 . . . . . . . . . . . . . Operator 2 | . . . 1 . . . . . . . . . . . . . . 1 . . . . . . . . . . . . . Watcher 5 | . . . 2 . . . . . . . 1 . . . 1 . . . 1 . . . . . . . . . . . . Swarmer 43 | . . . 7 . . . . 4 . . 2 10 . 4 . 10 . . . . . . 1 . . . . . 5 . . Saboteur 1 | . . . . . . . . . . . . . . . . . . . . . . . 1 . . . . . . . . Grunt 57 | . . 1 18 . . . 1 4 . 6 1 8 3 6 . 3 . 3 . . . . . 1 . 2 . . . . . Brawler 6 | . . . . . . . 1 1 . 2 1 1 . . . . . . . . . . . . . . . . . . . Duelist 5 | . . . 1 . . . . 1 . 2 . . . . . . . 1 . . . . . . . . . . . . . Sentry 19 | . . . 10 . . . . . . 2 1 4 . 1 1 . . . . . . . . . . . . . . . . Specialist 1 | . . . . . . . . . . . . . . . . . . . . . . . 1 . . . . . . . . Hunter 5 | . . . . . . . . . . 2 . 1 . . . . 2 . . . . . . . . . . . . . . Programmer 4 | . . . . . . . . . . 1 . . . . 1 . . . 1 . . . . 1 . . . . . . . Compactor 1 | . . . . . . . . . . . . . . . . . . . . . 1 . . . . . . . . . . Cetus Guard 2 | . . . . . . . . . . . . . . . . . . . 2 . . . . . . . . . . . . Best Kill Streak 9 | 1 . 1 9 . . . 2 4 2 5 2 8 3 7 3 6 4 1 2 . 1 1 2 1 . 1 1 . 4 . . Combat Bots Only 8 | . . 1 4 . . . 2 4 . 5 2 8 3 7 1 6 2 1 1 . 1 . 2 1 . 1 . . 4 . . Max Kills in Single Turn 3 | 1 . 1 3 . . . 1 2 1 3 2 2 1 2 1 3 3 1 1 . 1 1 1 2 . 1 1 . 1 . . Gunslinging 1 | . . . . . . . . . . . . 1 . . . . . . . . . . . . . . . . . . . Exploded 3 | . . . 3 . . . 1 2 . 3 2 2 . 2 . 3 1 . . . . . . 1 . . . . . . . Melee 1 | . . . . . . . . . . 1 . . . . . . . . . . . . 1 . . 1 . . . . . Uniques/NPCs Destroyed 1 | . . 1 . . . . . . . . . . . . . . . . . . . . . . . . . . . . . YI-UF0 (-10/Mines) Combat | -11 -10 -10 -9 -9 -9 -8 -8 -8 -7 -7 -7 -7 -6 -6 -6 -6 -5 -5 -5 -4 -4 -4 -4 -3 -2 -2 -2 -2 -1 -1 -1 -------- Run | Scr Mat Min Mat Min Exi Min Mat Gar Fac Gar Fac Gar Fac Gar Fac Gar Fac Ext Cet Fac Was Fac Gar Res Res Gar Res Gar Acc Gar Acc Damage Taken 19033 | . 37 526 1862 . . . 51 188 . 1516 308 1425 173 501 166 252 296 1121 205 . . 63 278 2532 580 2744 220 169 1226 1446 1148 Core 4607 | . . 104 272 . . . . 27 . 216 34 175 39 75 19 . 26 256 11 . . . 43 651 68 957 . 33 307 1029 265 Absorbed by Shields 2143 | . . . . . . . . . . . . 126 . 136 67 92 113 362 152 . . . 7 59 76 20 79 68 568 . 218 Reduced by Siege Mode 27 | . . . . . . . . . . . . . . . . . . . . . . . . . . . . . . . 27 Core Remaining (%) 65 | 100 . 58 . . . 32 . 95 . . . 39 . . . 84 . . 70 . . . 96 49 . . . 27 . . . Volleys Fired 705 | 14 3 22 125 . . 2 3 13 16 51 23 61 19 29 35 32 26 56 33 . 38 12 26 15 . 10 6 . 13 . 22 Largest 2 | 2 2 2 2 . . 1 2 2 1 2 2 2 2 2 2 2 1 2 2 . 2 2 2 2 . 2 1 . 2 . 2 Hottest 275 | 40 43 63 79 . . 45 60 60 45 105 83 110 93 76 134 70 60 138 145 . 160 115 275 240 . 185 110 . 169 . 153 Shots Fired 1077 | 28 6 35 242 . . 2 6 19 16 80 32 105 37 47 51 33 26 72 59 . 53 14 27 18 . 15 6 . 20 . 28 Gun 820 | 28 6 35 211 . . 2 . 6 16 64 20 79 29 23 51 18 16 41 52 . 46 14 27 18 . 8 . . . . 10 Cannon 137 | . . . 24 . . . . . . 5 . . 8 17 . . 2 29 4 . 7 . . . . 6 6 . 19 . 10 Launcher 96 | . . . 7 . . . 6 13 . 11 11 26 . 7 . 8 4 2 . . . . . . . 1 . . . . . Special 24 | . . . . . . . . . . . 1 . . . . 7 4 . 3 . . . . . . . . . 1 . 8 Kinetic 389 | 28 6 31 146 . . . . . . 18 8 20 27 40 11 1 4 29 6 . 7 2 5 . . . . . . . . Thermal 275 | . . 4 26 . . . . . . 5 . 12 4 . 40 11 . 40 22 . 46 12 22 18 . 13 . . . . . Explosive 64 | . . . 7 . . . 6 13 . 11 3 3 . 7 . 8 4 2 . . . . . . . . . . . . . Electromagnetic 325 | . . . 63 . . 2 . 6 16 46 20 70 6 . . 6 14 1 28 . . . . . . 2 6 . 19 . 20 Robot Hit Streak 19 | 5 1 6 19 . . 1 2 7 9 15 10 14 13 9 16 4 4 9 11 . 9 3 3 4 . 8 9 . 11 . 13 Robot Miss Streak 8 | 2 2 2 5 . . 1 . 2 3 3 4 4 7 8 3 2 1 6 4 . 2 1 3 2 . 2 2 . 1 . 1 Penetration Max . | . . . . . . . . . . . . . . . . . . . . . . . . . . . . . . . . Secondary Targets 4 | . . . 3 . . . . . . . . 1 . . . . . . . . . . . . . . . . . . . Max Gunslinging Chain 1 | . . . 1 . . . . . . . . 1 . . . . . . . . . . . . . . . . . . . Shots Hit Robots 714 | 20 1 24 182 . . 2 1 8 15 54 20 72 33 34 38 13 15 42 25 . 38 6 7 9 . 13 3 . 15 . 24 Core Hits 451 | 6 . 12 98 . . 1 4 17 9 38 9 64 26 43 18 30 9 17 12 . 9 2 2 5 . 7 3 . 6 1 3 Critical Hits 13 | . . . 2 . . . . . . . . . . 1 . . . 5 . . . 2 1 . . 1 . . 1 . . Critical Kills 2 | . . . . . . . . . . . . . . . . . . 1 . . . 1 . . . . . . . . . Critical Parts Destroyed 11 | . . . 2 . . . . . . . . . . 1 . . . 4 . . . 1 1 . . 1 . . 1 . . Melee Attacks 2 | . . . . . . . . . . 2 . . . . . . . . . . . . . . . . . . . . . Impact . | . . . . . . . . . . . . . . . . . . . . . . . . . . . . . . . . Slashing 2 | . . . . . . . . . . 2 . . . . . . . . . . . . . . . . . . . . . Piercing . | . . . . . . . . . . . . . . . . . . . . . . . . . . . . . . . . Sneak Attacks . | . . . . . . . . . . . . . . . . . . . . . . . . . . . . . . . . Combat Hostiles . | . . . . . . . . . . . . . . . . . . . . . . . . . . . . . . . . Follow-up Attacks . | . . . . . . . . . . . . . . . . . . . . . . . . . . . . . . . . Damage Inflicted 21112 | 205 10 257 3376 . . 18 414 1016 202 1775 615 1984 745 1429 853 1100 708 1807 476 . 1444 225 356 652 . 526 341 . 397 12 169 Guns 10816 | 205 10 257 2431 . . 18 . 89 202 801 344 727 557 481 853 118 245 720 399 . 1178 202 356 338 . 185 . . . . 100 Cannons 2816 | . . . 482 . . . . . . 76 . . 188 242 . . . 625 77 . 266 . . . . 192 202 . 397 . 69 Explosions 7271 | . . . 463 . . . 414 927 . 822 271 1257 . 706 . 982 463 462 . . . . . 258 . 107 139 . . . . Melee 73 | . . . . . . . . . . 73 . . . . . . . . . . . . . . . . . . . . . Ramming 136 | . . . . . . . . . . 3 . . . . . . . . . . . 23 . 56 . 42 . . . 12 . Kinetic 5580 | 205 10 235 1819 . . . . . . 267 151 275 590 723 210 . . 625 104 . 266 48 52 . . . . . . . . Thermal 4680 | . . 22 260 . . . . . . 76 . 225 100 . 643 105 . 720 224 . 1178 154 304 338 . 331 . . . . . Explosive 5893 | . . . 414 . . . 414 927 . 822 120 186 . 706 . 982 463 462 . . . . . 258 . . 139 . . . . Electromagnetic 4750 | . . . 883 . . 18 . 89 202 534 344 1298 55 . . 13 245 . 148 . . . . . . 153 202 . 397 . 169 Impact . | . . . . . . . . . . . . . . . . . . . . . . . . . . . . . . . . Slashing 73 | . . . . . . . . . . 73 . . . . . . . . . . . . . . . . . . . . . Piercing . | . . . . . . . . . . . . . . . . . . . . . . . . . . . . . . . . Highest Corruption 17 | . . . . . . . . . . . . . . . . . . . . . . . . 17 1 4 5 12 . . 12 Average Corruption 4 | . . . . . . . . . . . . . . . . . . . . . . . . 8 1 1 4 10 . . 6 Corruption Purged . | . . . . . . . . . . . . . . . . . . . . . . . . . . . . . . . . Effects 28 | . . . . . . . . . . . . . . . . . . . . . . . . 9 . 2 10 4 . . 3 Message Errors 6 | . . . . . . . . . . . . . . . . . . . . . . . . 2 . . 1 1 . . 2 Matter Fused 2 | . . . . . . . . . . . . . . . . . . . . . . . . . . . 2 . . . . Heat Flow Errors 4 | . . . . . . . . . . . . . . . . . . . . . . . . . . 1 3 . . . . Energy Discharges 4 | . . . . . . . . . . . . . . . . . . . . . . . . 1 . . 2 1 . . . Parts Rejected 2 | . . . . . . . . . . . . . . . . . . . . . . . . 2 . . . . . . . Data Loss (minor) 4 | . . . . . . . . . . . . . . . . . . . . . . . . . . 1 2 1 . . . Data Loss (major) 1 | . . . . . . . . . . . . . . . . . . . . . . . . . . . . 1 . . . Misdirections 4 | . . . . . . . . . . . . . . . . . . . . . . . . 4 . . . . . . . Targeting Errors 1 | . . . . . . . . . . . . . . . . . . . . . . . . . . . . . . . 1 Overload Shots 8 | . . . . . . . . . . . . . . . . . . . . . . . 6 2 . . . . . . . Overflow Damage 438 | . . . 57 . . . 33 17 . . 20 11 . 5 . 40 43 94 . . . . . 103 . . 15 . . . . Projectiles 56 | . . . 24 . . . . . . . . . . 2 . . . 30 . . . . . . . . . . . . . Explosions 376 | . . . 33 . . . 33 17 . . 20 11 . 3 . 40 43 64 . . . . . 97 . . 15 . . . . Melee 6 | . . . . . . . . . . . . . . . . . . . . . . . . 6 . . . . . . . Knockbacks 15 | . . . . . . . . . . . . . 2 2 . . . 10 . . . . . 1 . . . . . . . Impact 1 | . . . . . . . . . . . . . . . . . . . . . . . . 1 . . . . . . . Kinetic 14 | . . . . . . . . . . . . . 2 2 . . . 10 . . . . . . . . . . . . . Secondary . | . . . . . . . . . . . . . . . . . . . . . . . . . . . . . . . . Self-Inflicted Damage 781 | . . . 109 . . . . 54 . 82 . 80 . 79 . 103 61 . . . . 11 45 116 . 36 . . . 5 . Shots 23 | . . . 4 . . . . 3 . 3 . 3 . 2 . 2 3 . . . . . 1 1 . 1 . . . . . Rammed 17 | . . . . . . . . . . 1 . . . . . . . . . . . 1 . 1 . 9 . . . 5 . Targets Rammed 18 | . . . . . . . . . . 2 . . . . . . . . . . . 1 . 1 . 9 . . . 5 . Kicked . | . . . . . . . . . . . . . . . . . . . . . . . . . . . . . . . . Crushed 1 | . . . . . . . . . . 1 . . . . . . . . . . . . . . . . . . . . . Highest Temperature 521 | . 6 24 138 . . . 1 6 . 150 365 361 42 25 117 212 . 434 17 . 190 . 280 521 . 299 254 . 318 . 157 Average Temperature 89 | . 4 11 25 . . . 1 3 . 55 111 99 13 12 23 61 . 127 6 . 83 . 133 171 . 143 71 . 176 . 80 Received Heat Transfer 2646 | . 21 6 672 . . . 27 63 . 96 105 300 81 132 44 24 24 309 12 . . . 27 171 . 481 30 12 . 9 . Effects 19 | . . . . . . . . . . . . 6 . . . . . 8 . . . . . 5 . . . . . . . Shutdowns 7 | . . . . . . . . . . . . . . . . . . 5 . . . . . 2 . . . . . . . Energy Bleed 1 | . . . . . . . . . . . . . . . . . . 1 . . . . . . . . . . . . . Interference 7 | . . . . . . . . . . . . 5 . . . . . 1 . . . . . 1 . . . . . . . Matter Decay 2 | . . . . . . . . . . . . 1 . . . . . . . . . . . 1 . . . . . . . Short Circuit 2 | . . . . . . . . . . . . . . . . . . 1 . . . . . 1 . . . . . . . Siege Activations 1 | . . . . . . . . . . . . . . . . . . . . . . . . . . . . . . . 1 Total Turns 28 | . . . . . . . . . . . . . . . . . . . . . . . . . . . . . . . 28 Longest Duration 28 | . . . . . . . . . . . . . . . . . . . . . . . . . . . . . . . 28 Robots Corrupted 8 | . . . . . . . . . . . 2 5 . . . . . . . . . . . . . . 1 . . . . Combat Hostiles 7 | . . . . . . . . . . . 2 5 . . . . . . . . . . . . . . . . . . . Parts Fried 25 | . . . 4 . . . . . . 1 3 11 . . . . . . . . . . . . . . 2 . 4 . . Impact Corruptions 1 | . . . . . . . . . . . . . . . . . . . . . . . . 1 . . . . . . . Robots Melted 1 | . . . . . . . . . . . . . . . . . . . . . . . . . . 1 . . . . . Combat Hostiles 1 | . . . . . . . . . . . . . . . . . . . . . . . . . . 1 . . . . . Parts Melted 5 | . . . . . . . . . . . . . . . 4 . . . . . . . 1 . . . . . . . . Heat Transferred 6415 | . . 50 575 . . . . . . 111 . 261 148 . 1064 148 . 1110 259 . 1443 222 311 346 . 367 . . . . . Parts Sabotaged . | . . . . . . . . . . . . . . . . . . . . . . . . . . . . . . . . Parts Stolen . | . . . . . . . . . . . . . . . . . . . . . . . . . . . . . . . . Parts Stripped . | . . . . . . . . . . . . . . . . . . . . . . . . . . . . . . . . Power Chain Reactions 9 | . . . 2 . . . . . . . 1 6 . . . . . . . . . . . . . . . . . . . Missiles Intercepted . | . . . . . . . . . . . . . . . . . . . . . . . . . . . . . . . . Alert | -11 -10 -10 -9 -9 -9 -8 -8 -8 -7 -7 -7 -7 -6 -6 -6 -6 -5 -5 -5 -4 -4 -4 -4 -3 -2 -2 -2 -2 -1 -1 -1 ------- Run | Scr Mat Min Mat Min Exi Min Mat Gar Fac Gar Fac Gar Fac Gar Fac Gar Fac Ext Cet Fac Was Fac Gar Res Res Gar Res Gar Acc Gar Acc Peak Influence 1341 | 15 121 70 680 240 . . 114 637 348 549 558 1046 574 567 344 619 337 681 629 298 120 759 1341 730 292 183 264 207 208 93 62 Initial 683 | . 9 46 27 240 . . . 74 333 16 287 30 548 290 297 87 324 164 224 298 104 74 531 683 278 183 49 198 117 93 35 Average 315 | 7 42 36 408 240 . . 48 378 246 247 331 608 515 384 174 410 223 413 455 298 106 476 934 559 277 132 57 204 164 63 51 Maximum Alert Level 4 | . . . 2 1 . . . 2 1 2 2 3 2 2 1 2 1 2 2 1 . 3 4 3 1 . 1 1 1 . . Low Security (%) 37 | 100 100 100 8 . . 100 100 21 50 48 25 8 . . 65 13 37 12 . . 100 17 . . . 100 92 19 98 100 100 Level 1 28 | . . . 37 100 . . . 35 49 23 28 22 17 78 34 40 62 33 30 100 . 22 . . 100 . 7 80 1 . . Level 2 29 | . . . 53 . . . . 43 . 28 46 22 82 21 . 45 . 53 69 . . 37 30 96 . . . . . . . Level 3 3 | . . . . . . . . . . . . 46 . . . . . . . . . 22 27 3 . . . . . . . Level 4 . | . . . . . . . . . . . . . . . . . . . . . . . 41 . . . . . . . . Level 5 . | . . . . . . . . . . . . . . . . . . . . . . . . . . . . . . . . High Security . | . . . . . . . . . . . . . . . . . . . . . . . . . . . . . . . . Max Security . | . . . . . . . . . . . . . . . . . . . . . . . . . . . . . . . . Squads Dispatched 31 | . 2 . 5 . . . . . 1 . 2 . 2 . 2 . . 4 1 . . . . 4 1 . 5 . . . 2 Investigation 11 | . . . 3 . . . . . . . 1 . 1 . 1 . . . 1 . . . . 2 . . 2 . . . . Extermination 7 | . . . . . . . . . 1 . 1 . . . 1 . . . . . . . . 1 1 . 1 . . . 1 Reinforcement 10 | . 2 . 2 . . . . . . . . . . . . . . 3 . . . . . 1 . . 2 . . . . Assault 1 | . . . . . . . . . . . . . . . . . . 1 . . . . . . . . . . . . . Garrison 2 | . . . . . . . . . . . . . 1 . . . . . . . . . . . . . . . . . 1 Intercept . | . . . . . . . . . . . . . . . . . . . . . . . . . . . . . . . . Construction Impeded 1 | . . . . . . . . . . . . . . . . . . 1 . . . . . . . . . . . . . Haulers Reinforced 1 | . . . . . . . . . . . . . . . . . . . . . . . . . . . 1 . . . . Stealth | -11 -10 -10 -9 -9 -9 -8 -8 -8 -7 -7 -7 -7 -6 -6 -6 -6 -5 -5 -5 -4 -4 -4 -4 -3 -2 -2 -2 -2 -1 -1 -1 --------- Run | Scr Mat Min Mat Min Exi Min Mat Gar Fac Gar Fac Gar Fac Gar Fac Gar Fac Ext Cet Fac Was Fac Gar Res Res Gar Res Gar Acc Gar Acc Distress Signals 12 | . . . 3 . . . . . . . . . 1 . . . 1 2 2 . . . . 1 . . 2 . . . . Communications Jammed 10 | . . . . . . . . . . . . . . . . . . . . . . 1 . 1 . . . . 8 . . Distress Signals 10 | . . . . . . . . . . . . . . . . . . . . . . 1 . 1 . . . . 8 . . Times Spotted 441 | . 11 9 60 . . . 5 10 2 16 10 37 7 12 13 16 10 46 18 . 6 12 13 31 6 16 23 6 17 19 10 Peak Tracking Total 19 | . 6 2 6 . . . 3 3 2 5 2 9 3 4 3 6 2 9 5 . 2 3 3 18 6 14 13 6 8 19 4 Tactical Retreats 49 | . 1 2 4 . . . 1 1 . 2 2 10 . 1 3 . 1 3 . . . 1 1 4 . 3 4 1 3 . 1 Traps | -11 -10 -10 -9 -9 -9 -8 -8 -8 -7 -7 -7 -7 -6 -6 -6 -6 -5 -5 -5 -4 -4 -4 -4 -3 -2 -2 -2 -2 -1 -1 -1 ------- Run | Scr Mat Min Mat Min Exi Min Mat Gar Fac Gar Fac Gar Fac Gar Fac Gar Fac Ext Cet Fac Was Fac Gar Res Res Gar Res Gar Acc Gar Acc Traps Triggered 24 | . . . 3 . . . . . 1 . . 1 1 4 2 4 . . . 1 . . 2 2 . . 1 1 . . 1 Indirectly 1 | . . . . . . . . . . . . 1 . . . . . . . . . . . . . . . . . . . Trap Hack Attempts . | . . . . . . . . . . . . . . . . . . . . . . . . . . . . . . . . Triggered . | . . . . . . . . . . . . . . . . . . . . . . . . . . . . . . . . Disarmed . | . . . . . . . . . . . . . . . . . . . . . . . . . . . . . . . . Reprogrammed 3 | . . . . . . . . . . . . . . . . . . 3 . . . . . . . . . . . . . Reused . | . . . . . . . . . . . . . . . . . . . . . . . . . . . . . . . . Traps Extracted . | . . . . . . . . . . . . . . . . . . . . . . . . . . . . . . . . Installed . | . . . . . . . . . . . . . . . . . . . . . . . . . . . . . . . . Triggered . | . . . . . . . . . . . . . . . . . . . . . . . . . . . . . . . . Machines | -11 -10 -10 -9 -9 -9 -8 -8 -8 -7 -7 -7 -7 -6 -6 -6 -6 -5 -5 -5 -4 -4 -4 -4 -3 -2 -2 -2 -2 -1 -1 -1 ---------- Run | Scr Mat Min Mat Min Exi Min Mat Gar Fac Gar Fac Gar Fac Gar Fac Gar Fac Ext Cet Fac Was Fac Gar Res Res Gar Res Gar Acc Gar Acc Machines Disabled 43 | . . . 4 . . . . 5 . 6 1 3 1 1 1 7 . 2 2 . . 3 4 2 . . 1 . . . . Max in Single Turn 2 | . . . 1 . . . . 2 . 2 1 2 1 1 1 2 . 1 1 . . 1 2 1 . . 1 . . . . Garrison Access 1 | . . . . . . . . . . . . . . . . . . . . . . . . 1 . . . . . . . Garrison Relay 9 | . . . . . . . . 1 . 2 . 1 . 1 . 2 . . . . . . 2 . . . . . . . . Phase Generator 5 | . . . . . . . . 1 . 1 . 1 . . . 1 . . . . . . 1 . . . . . . . . Machines Sabotaged . | . . . . . . . . . . . . . . . . . . . . . . . . . . . . . . . . Garrisons Compromised . | . . . . . . . . . . . . . . . . . . . . . . . . . . . . . . . . Overloaded Fab Kills . | . . . . . . . . . . . . . . . . . . . . . . . . . . . . . . . . Fab Network Shutdowns . | . . . . . . . . . . . . . . . . . . . . . . . . . . . . . . . . Hacking | -11 -10 -10 -9 -9 -9 -8 -8 -8 -7 -7 -7 -7 -6 -6 -6 -6 -5 -5 -5 -4 -4 -4 -4 -3 -2 -2 -2 -2 -1 -1 -1 --------- Run | Scr Mat Min Mat Min Exi Min Mat Gar Fac Gar Fac Gar Fac Gar Fac Gar Fac Ext Cet Fac Was Fac Gar Res Res Gar Res Gar Acc Gar Acc Machines Accessed 99 | . 2 1 14 . 1 . 1 . 3 . 10 . 7 . 12 . 6 14 3 1 . 4 . 7 4 . 7 . 2 . . Terminals 63 | . 2 . 10 . . . . . 1 . 6 . 5 . 7 . 5 13 3 . . 2 . 4 2 . 3 . . . . Fabricators 10 | . . . . . . . . . 1 . 1 . . . 2 . 1 . . 1 . . . 1 1 . 2 . . . . Repair Stations 1 | . . . 1 . . . . . . . . . . . . . . . . . . . . . . . . . . . . Recycling Units 2 | . . . 1 . . . . . . . . . . . . . . 1 . . . . . . . . . . . . . Scanalyzers 10 | . . . 2 . . . . . . . 2 . 1 . 2 . . . . . . 1 . 1 . . 1 . . . . Garrison Access 11 | . . . . . . . 1 . 1 . 1 . 1 . 1 . . . . . . 1 . 1 1 . 1 . 2 . . Total Hacks 293 | . 4 1 38 . 1 . 1 . 5 . 27 . 15 . 43 . 39 42 10 2 . 12 . 19 8 . 21 . 5 . . Successful 152 | . 2 1 17 . 1 . 1 . 1 . 17 . 4 . 23 . 20 24 7 2 . 6 . 8 2 . 13 . 3 . . Failed 140 | . 2 . 21 . . . . . 4 . 10 . 11 . 20 . 18 18 3 . . 6 . 11 6 . 8 . 2 . . Catastrophic 22 | . . . 4 . . . . . 2 . . . 4 . 1 . 1 . . . . . . 5 2 . 3 . . . . Database Lockouts 1 | . . . . . . . . . . . . . . . . . 1 . . . . . . . . . . . . . . Manual 74 | . . . . . 1 . . . . . 2 . . . 12 . 16 11 2 . . 7 . 6 3 . 11 . 3 . . Terminals 203 | . 4 . 28 . . . . . 3 . 20 . 10 . 24 . 35 36 10 . . 8 . 10 4 . 11 . . . . Fabricators 26 | . . . . . . . . . 1 . 1 . . . 7 . 4 . . 2 . . . 2 2 . 7 . . . . Repair Stations 3 | . . . 3 . . . . . . . . . . . . . . . . . . . . . . . . . . . . Recycling Units 8 | . . . 2 . . . . . . . . . . . . . . 6 . . . . . . . . . . . . . Scanalyzers 32 | . . . 5 . . . . . . . 5 . 4 . 11 . . . . . . 2 . 4 . . 1 . . . . Garrison Access 19 | . . . . . . . 1 . 1 . 1 . 1 . 1 . . . . . . 2 . 3 2 . 2 . 5 . . Terminal Hacks 73 | . 2 1 9 . 1 . . . . . 11 . 2 . 7 . 14 14 7 . . 1 . 3 . . 1 . . . . Record 12 | . . . . . . . . . . . 3 . . . . . 2 . 6 . . . . . . . 1 . . . . Part Schematic 6 | . . . . . . . . . . . 2 . 1 . 2 . 1 . . . . . . . . . . . . . . Robot Analysis 2 | . . . . . . . . . . . . . . . . . 2 . . . . . . . . . . . . . . Prototype ID Bank 7 | . 1 . 2 . . . . . . . 1 . . . 1 . 1 1 . . . . . . . . . . . . . Open Door 10 | . . 1 . . . . . . . . . . . . . . 1 7 1 . . . . . . . . . . . . Level Access Points 2 | . . . . . . . . . . . . . . . 1 . . . . . . . . 1 . . . . . . . Branch Access Points 6 | . 1 . . . . . . . . . . . 1 . 1 . 1 1 . . . 1 . . . . . . . . . Emergency Access Points 1 | . . . 1 . . . . . . . . . . . . . . . . . . . . . . . . . . . . Machine Index 1 | . . . . . . . . . . . . . . . 1 . . . . . . . . . . . . . . . . Terminal Index 2 | . . . . . . . . . . . . . . . . . 1 . . . . . . 1 . . . . . . . Fabricator Index 1 | . . . . . . . . . . . . . . . . . 1 . . . . . . . . . . . . . . Scanalyzer Index 1 | . . . 1 . . . . . . . . . . . . . . . . . . . . . . . . . . . . Garrison Index 1 | . . . . . . . . . . . . . . . . . 1 . . . . . . . . . . . . . . Alert Level 3 | . . . 3 . . . . . . . . . . . . . . . . . . . . . . . . . . . . Unreport Threat 8 | . . . 1 . . . . . . . 2 . . . 1 . 1 2 . . . . . 1 . . . . . . . Locate Traps 1 | . . . . . . . . . . . . . . . . . . 1 . . . . . . . . . . . . . Reprogram Traps 1 | . . . . . . . . . . . . . . . . . . 1 . . . . . . . . . . . . . Security Status 1 | . . . . . . . . . . . . . . . . . 1 . . . . . . . . . . . . . . Transport Status 1 | . . . . . . . . . . . 1 . . . . . . . . . . . . . . . . . . . . Recall Assault 1 | . . . . . . . . . . . . . . . . . . 1 . . . . . . . . . . . . . Registered Prototypes 2 | . . . . . . . . . . . 1 . . . . . 1 . . . . . . . . . . . . . . Zone Layout 2 | . . . 1 . . . . . . . 1 . . . . . . . . . . . . . . . . . . . . EX-Prototype ID Bank 1 | . . . . . 1 . . . . . . . . . . . . . . . . . . . . . . . . . . Fabricator Hacks 13 | . . . . . . . . . . . 1 . . . 2 . 2 . . 2 . . . . . . 6 . . . . Load Schematic 6 | . . . . . . . . . . . . . . . 1 . 1 . . 1 . . . . . . 3 . . . . Build 7 | . . . . . . . . . . . 1 . . . 1 . 1 . . 1 . . . . . . 3 . . . . Repair Station Hacks 2 | . . . 2 . . . . . . . . . . . . . . . . . . . . . . . . . . . . Scan Component 1 | . . . 1 . . . . . . . . . . . . . . . . . . . . . . . . . . . . Repair 1 | . . . 1 . . . . . . . . . . . . . . . . . . . . . . . . . . . . Recycling Unit Hacks 5 | . . . 1 . . . . . . . . . . . . . . 4 . . . . . . . . . . . . . Process 1 | . . . . . . . . . . . . . . . . . . 1 . . . . . . . . . . . . . Report Inventory 1 | . . . . . . . . . . . . . . . . . . 1 . . . . . . . . . . . . . Retrieve Matter 2 | . . . . . . . . . . . . . . . . . . 2 . . . . . . . . . . . . . Retrieve Components 1 | . . . 1 . . . . . . . . . . . . . . . . . . . . . . . . . . . . Scanalyzer 18 | . . . 5 . . . . . . . 2 . 1 . 6 . . . . . . 2 . 2 . . . . . . . Insert Component 10 | . . . 3 . . . . . . . 1 . 1 . 3 . . . . . . 1 . 1 . . . . . . . Analyze 8 | . . . 2 . . . . . . . 1 . . . 3 . . . . . . 1 . 1 . . . . . . . Garrison Access Hacks 11 | . . . . . . . 1 . 1 . 1 . 1 . 1 . . . . . . 1 . 1 1 . 1 . 2 . . Unlock Access 9 | . . . . . . . 1 . 1 . 1 . 1 . 1 . . . . . . 1 . . 1 . 1 . 1 . . Seal Access 1 | . . . . . . . . . . . . . . . . . . . . . . . . 1 . . . . . . . Coupler Status 1 | . . . . . . . . . . . . . . . . . . . . . . . . . . . . . 1 . . Unauthorized Hacks 30 | . . . . . . . . . . . 2 . . . 7 . 4 6 . . . 2 . 2 1 . 5 . 1 . . Terminals 26 | . . . . . . . . . . . 2 . . . 7 . 4 6 . . . 2 . 1 . . 4 . . . . Track 3 | . . . . . . . . . . . 1 . . . 2 . . . . . . . . . . . . . . . . Assimilate 2 | . . . . . . . . . . . . . . . . . 1 . . . . . . . . . 1 . . . . Botnet 16 | . . . . . . . . . . . 1 . . . 5 . 3 3 . . . 1 . 1 . . 2 . . . . Detonate 2 | . . . . . . . . . . . . . . . . . . . . . . 1 . . . . 1 . . . . Disrupt 3 | . . . . . . . . . . . . . . . . . . 3 . . . . . . . . . . . . . Fabricators . | . . . . . . . . . . . . . . . . . . . . . . . . . . . . . . . . Repair Stations . | . . . . . . . . . . . . . . . . . . . . . . . . . . . . . . . . Recycling Units . | . . . . . . . . . . . . . . . . . . . . . . . . . . . . . . . . Scanalyzers . | . . . . . . . . . . . . . . . . . . . . . . . . . . . . . . . . Garrison Access 4 | . . . . . . . . . . . . . . . . . . . . . . . . 1 1 . 1 . 1 . . Restock 1 | . . . . . . . . . . . . . . . . . . . . . . . . . 1 . . . . . . Reprogram 3 | . . . . . . . . . . . . . . . . . . . . . . . . 1 . . 1 . 1 . . Data Cores Recovered . | . . . . . . . . . . . . . . . . . . . . . . . . . . . . . . . . Used . | . . . . . . . . . . . . . . . . . . . . . . . . . . . . . . . . Hacking Detections 79 | . 1 . 14 . . . . . 3 . 8 . 7 . 9 . 4 7 1 1 . 4 . 7 4 . 7 . 2 . . Full Trace Events 10 | . . . 2 . . . . . . . 1 . 1 . 1 . . . 1 . . . . 2 . . 2 . . . . Feedback Events 1 | . . . . . . . . . . . . . . . . . . . . . . . . 1 . . . . . . . Hackware Fried 1 | . . . . . . . . . . . . . . . . . . . . . . . . 1 . . . . . . . Feedback Blocked . | . . . . . . . . . . . . . . . . . . . . . . . . . . . . . . . . Robot Schematics Acquired . | . . . . . . . . . . . . . . . . . . . . . . . . . . . . . . . . Robots Built . | . . . . . . . . . . . . . . . . . . . . . . . . . . . . . . . . Matter 318 | . . . . . . . . . . . . . . . . . . . . 318 . . . . . . . . . . . Time 84 | . . . . . . . . . . . . . . . . . . . . 84 . . . . . . . . . . . Total Robot Build Rating . | . . . . . . . . . . . . . . . . . . . . . . . . . . . . . . . . Part Schematics Acquired 13 | . . . 2 . . . . . . . 3 . 1 . 4 . 1 . . . . 1 . 1 . . . . . . . Parts Built 10 | . . . . . . . . . . . 2 . . . 1 . 2 . . . . . . . . . 5 . . . . Matter 1140 | . . . . . . . . . . . 212 . . . 168 . 234 . . . . . . . . . 526 . . . . Time 352 | . . . . . . . . . . . 53 . . . 42 . 58 . . . . . . . . . 199 . . . . Total Part Build Rating 55 | . . . . . . . . . . . 12 . . . 4 . 14 . . . . . . . . . 25 . . . . Parts Repaired 1 | . . . 1 . . . . . . . . . . . . . . . . . . . . . . . . . . . . Time 32 | . . . 32 . . . . . . . . . . . . . . . . . . . . . . . . . . . . Parts Recycled . | . . . . . . . . . . . . . . . . . . . . . . . . . . . . . . . . Recycled Matter 30 | . . . . . . . . . . . . . . . . . . 30 . . . . . . . . . . . . . Retrieved Matter 30 | . . . . . . . . . . . . . . . . . . 30 . . . . . . . . . . . . . Retrieved Components 8 | . . . 8 . . . . . . . . . . . . . . . . . . . . . . . . . . . . Parts Scanalyzed 9 | . . . 2 . . . . . . . 1 . 1 . 3 . . . . . . 1 . 1 . . . . . . . Part Schematics Acquired 7 | . . . 2 . . . . . . . 1 . . . 2 . . . . . . 1 . 1 . . . . . . . Parts Damaged 1 | . . . . . . . . . . . . . . . 1 . . . . . . . . . . . . . . . . Bothacking | -11 -10 -10 -9 -9 -9 -8 -8 -8 -7 -7 -7 -7 -6 -6 -6 -6 -5 -5 -5 -4 -4 -4 -4 -3 -2 -2 -2 -2 -1 -1 -1 ------------ Run | Scr Mat Min Mat Min Exi Min Mat Gar Fac Gar Fac Gar Fac Gar Fac Gar Fac Ext Cet Fac Was Fac Gar Res Res Gar Res Gar Acc Gar Acc Used RIF Installer 7 | . . . . . . . . 1 . 1 . 1 . 1 . 1 . . . . . . 1 . . 1 . . . . . Threat Obfuscator 2 | . . . . . . . . . . . . . . 1 . . . . . . . . . . . 1 . . . . . Signal Jammer 1 | . . . . . . . . . . . . 1 . . . . . . . . . . . . . . . . . . . Robot Detection 1 | . . . . . . . . . . . . . . . . 1 . . . . . . . . . . . . . . . Alert ID Control 1 | . . . . . . . . . . . . . . . . . . . . . . . 1 . . . . . . . . Structural Interface 1 | . . . . . . . . . . 1 . . . . . . . . . . . . . . . . . . . . . Robots Hacked 7 | . . . . . . . . . . . 1 . . . . 5 . . . . . . . . . . . . 1 . . Non-combat . | . . . . . . . . . . . . . . . . . . . . . . . . . . . . . . . . Combat 7 | . . . . . . . . . . . 1 . . . . 5 . . . . . . . . . . . . 1 . . Robot Hacks Applied 7 | . . . . . . . . . . . 1 . . . . 5 . . . . . . . . . . . . 1 . . overload_power 1 | . . . . . . . . . . . . . . . . 1 . . . . . . . . . . . . . . . overwrite_iff 1 | . . . . . . . . . . . . . . . . . . . . . . . . . . . . . 1 . . streamctrl_high 1 | . . . . . . . . . . . . . . . . 1 . . . . . . . . . . . . . . . formatsys_high 4 | . . . . . . . . . . . 1 . . . . 3 . . . . . . . . . . . . . . . Relay Couplers Released 36 | . . . . . . . . 5 . 8 . 3 . 4 . 9 . . . . . . 7 . . . . . . . . Machine Destruction 36 | . . . . . . . . 5 . 8 . 3 . 4 . 9 . . . . . . 7 . . . . . . . . Attached 6 | . . . . . . . . . . . 1 . . . . 2 1 . . . . . . 1 . . 1 . . . . Robots Rewired 19 | . . . . . . . . . . . . 1 . . . 1 1 14 2 . . . . . . . . . . . . Allies Hacked 2 | . . . . . . . . . . . . . . . . . . . . . . 1 . 1 . . . . . . . Hacks Repelled . | . . . . . . . . . . . . . . . . . . . . . . . . . . . . . . . . Allies | -11 -10 -10 -9 -9 -9 -8 -8 -8 -7 -7 -7 -7 -6 -6 -6 -6 -5 -5 -5 -4 -4 -4 -4 -3 -2 -2 -2 -2 -1 -1 -1 -------- Run | Scr Mat Min Mat Min Exi Min Mat Gar Fac Gar Fac Gar Fac Gar Fac Gar Fac Ext Cet Fac Was Fac Gar Res Res Gar Res Gar Acc Gar Acc Total Allies 65 | . . . . . . . . . . . 1 1 3 . . 5 2 22 7 . 18 . . 4 . . 1 . 1 . . Largest Group 21 | . . . . . . . . . . . 1 1 3 . . 2 1 11 5 5 21 21 13 5 . . 1 . . . . Highest-Rated Group 932 | . . . . . . . . . . . 32 32 93 . . 24 24 441 520 513 932 932 679 217 . . 26 . . . . Highest-Rated Ally 156 | . . . . . . . . . . . 32 32 31 . . 24 24 156 144 137 94 94 94 47 . . 26 . . . . Total Orders 13 | . . . . . . . . . . . . . . . . . . 13 . . . . . . . . . . . . . RETURN 13 | . . . . . . . . . . . . . . . . . . 13 . . . . . . . . . . . . . Ally Attacks 581 | . . . . . . . . . . . 7 3 19 . . 7 3 193 75 . 33 136 86 19 . . . . . . . Total Damage 15188 | . . . . . . . . . . . 220 68 273 . . 109 50 4589 2265 . 1396 3278 2409 531 . . . . . . . Kills 109 | . . . . . . . . . . . 3 1 . . . 3 . 39 16 . 5 21 19 2 . . . . . . . Allies Corrupted 2 | . . . . . . . . . . . . . . . . . . . . . . . . . . 1 1 . . . . Allies Melted . | . . . . . . . . . . . . . . . . . . . . . . . . . . . . . . . . Intel | -11 -10 -10 -9 -9 -9 -8 -8 -8 -7 -7 -7 -7 -6 -6 -6 -6 -5 -5 -5 -4 -4 -4 -4 -3 -2 -2 -2 -2 -1 -1 -1 ------- Run | Scr Mat Min Mat Min Exi Min Mat Gar Fac Gar Fac Gar Fac Gar Fac Gar Fac Ext Cet Fac Was Fac Gar Res Res Gar Res Gar Acc Gar Acc Robot Analysis Total 2 | . . . . . . . . . . . . . . . . . 2 . . . . . . . . . . . . . . Derelict Logs Recovered 2 | . . 1 . 1 . . . . . . . . . . . . . . . . . . . . . . . . . . . Drone Launches 52 | . . . . . . . . . . . . . . . . . . 30 . . . . . . . 22 . . . . . Drone Recoveries 38 | . . . . . . . . . . . . . . . . . . 24 . . . . . . . 14 . . . . . Exploration | -11 -10 -10 -9 -9 -9 -8 -8 -8 -7 -7 -7 -7 -6 -6 -6 -6 -5 -5 -5 -4 -4 -4 -4 -3 -2 -2 -2 -2 -1 -1 -1 ------------- Run | Scr Mat Min Mat Min Exi Min Mat Gar Fac Gar Fac Gar Fac Gar Fac Gar Fac Ext Cet Fac Was Fac Gar Res Res Gar Res Gar Acc Gar Acc Turns Passed 15142 | 163 127 603 2112 52 771 227 124 562 813 606 962 664 545 305 1008 452 370 685 467 67 382 198 302 587 327 229 734 78 162 42 416 Spaces Moved 14451 | 73 172 845 1066 33 456 122 64 323 471 501 1532 679 478 295 1148 613 466 680 530 102 302 203 278 831 386 137 1101 115 120 67 262 Core 398 | 9 . . 4 . . . . . . 1 . . . . . . . . . . . . . . . 40 206 . . 29 109 Treads 2605 | 64 10 . 836 33 456 122 64 323 471 79 . . . . . . . . . . . . . . . . . . . . 147 Legs 105 | . . . 105 . . . . . . . . . . . . . . . . . . . . . . . . . . . . Wheels . | . . . . . . . . . . . . . . . . . . . . . . . . . . . . . . . . Hover 4814 | . 162 845 121 . . . . . . . . . . . . . . 637 530 102 302 203 278 831 386 97 272 . 4 38 6 Flight 6529 | . . . . . . . . . . 421 1532 679 478 295 1148 613 466 43 . . . . . . . . 623 115 116 . . Fastest Speed 37 | 50 56 56 56 160 160 180 163 163 163 50 50 50 50 50 50 50 37 37 58 58 58 58 58 58 58 50 37 37 37 50 40 Average Speed 74 | 151 62 56 147 160 167 180 163 163 163 69 50 50 50 50 50 50 54 57 58 58 76 62 66 59 76 82 46 37 71 54 103 Slowest Speed 800 | 160 180 56 200 160 180 180 163 163 180 800 50 50 150 50 50 50 200 120 58 58 98 98 98 110 110 110 200 37 280 60 145 Overloaded Moves . | . . . . . . . . . . . . . . . . . . . . . . . . . . . . . . . . Propulsion Burnouts . | . . . . . . . . . . . . . . . . . . . . . . . . . . . . . . . . Robots Hopped 45 | . . . . . . . . . . . 7 1 5 . 18 . 12 . . . . . . . . . 1 1 . . . Cave-ins Triggered . | . . . . . . . . . . . . . . . . . . . . . . . . . . . . . . . . Exploration Rate (%) 43 | 7 29 98 97 22 79 37 9 74 12 66 37 88 12 44 37 93 13 71 96 4 97 9 63 19 11 48 26 48 5 39 7 Regions Visited 31 Branch Regions 6 Pre-discovered Areas 1 | . . 1 . . . . . . . . . . . . . . . . . . . . . . . . . . . . . Known Exits Taken 17 | . 1 . 1 1 1 1 1 . 1 . 1 . 1 . 1 . 1 1 . . . 1 . 1 1 . 1 . 1 . . Unknown Exits Taken 3 | 1 . 1 . . . . . . . . . . . . . . . . 1 . . . . . . . . . . . . Scrap Searched 2 | . . 1 . . . 1 . . . . . . . . . . . . . . . . . . . . . . . . . Spaces Dug 34 | . . . 16 . . . . 5 . . 10 . . . . . 2 . . . . 1 . . . . . . . . . Terrain Destroyed 1016 | . . . 95 . . . 25 139 . 129 20 145 . 55 . 189 39 47 3 . 2 1 80 27 . . 20 . . . . Melee . | . . . . . . . . . . . . . . . . . . . . . . . . . . . . . . . . Projectile 23 | . . . . . . . . . . . . . . 1 . . 2 10 3 . 2 1 3 1 . . . . . . . AOE 993 | . . . 95 . . . 25 139 . 129 20 145 . 54 . 189 37 37 . . . . 77 26 . . 20 . . . . Terrain Rammed . | . . . . . . . . . . . . . . . . . . . . . . . . . . . . . . . . Walls Destroyed . | . . . . . . . . . . . . . . . . . . . . . . . . . . . . . . . . Machines Disabled . | . . . . . . . . . . . . . . . . . . . . . . . . . . . . . . . . Actions | -11 -10 -10 -9 -9 -9 -8 -8 -8 -7 -7 -7 -7 -6 -6 -6 -6 -5 -5 -5 -4 -4 -4 -4 -3 -2 -2 -2 -2 -1 -1 -1 --------- Run | Scr Mat Min Mat Min Exi Min Mat Gar Fac Gar Fac Gar Fac Gar Fac Gar Fac Ext Cet Fac Was Fac Gar Res Res Gar Res Gar Acc Gar Acc Total 17585 | 97 187 938 1359 32 464 128 77 338 497 666 1692 883 743 404 1514 724 546 908 629 110 400 261 367 910 413 229 1308 150 177 71 363 Wait 1565 | . . 58 79 . . 4 5 . . 63 90 115 219 2 294 39 28 67 34 1 38 37 42 30 4 60 153 19 25 . 59 Move 14344 | 72 171 844 1065 32 455 121 64 322 471 500 1519 676 468 294 1113 612 444 679 529 102 301 203 277 830 386 136 1099 111 120 66 262 Hop 39 | . . . . . . . . . . . 5 1 5 . 17 . 9 . . . . . . . . . 1 1 . . . Pick Up 129 | 4 4 5 15 . 3 1 2 . 4 15 12 3 7 2 7 3 3 8 5 . 2 1 1 5 4 . 9 2 2 . . Fast Attach 149 | 7 3 . 19 . 1 . . . 3 6 7 1 2 . 6 . 10 13 4 3 6 2 1 7 10 2 22 1 4 . 9 Attach 85 | . . 6 2 . 1 . 2 . 1 11 2 3 4 1 1 1 4 3 . . 1 1 2 9 4 8 4 2 7 . 5 Detach 30 | . . . . . . . . . . 1 1 . 1 . . . 1 1 . 1 2 1 . 6 1 2 3 2 4 . 3 Swap 139 | . . 3 26 . . . 1 3 2 9 11 16 8 2 7 11 5 13 13 1 4 . 1 1 1 1 . . . . . Drop 182 | . 6 . 28 . 4 . . . . 4 22 2 10 2 16 2 15 16 11 2 8 3 3 5 3 1 11 3 2 . 3 Fire 705 | 14 3 22 125 . . 2 3 13 16 51 23 61 19 29 35 32 26 56 33 . 38 12 26 15 . 10 6 . 13 . 22 Melee 2 | . . . . . . . . . . 2 . . . . . . . . . . . . . . . . . . . . . Ram 16 | . . . . . . . . . . . . . . . . . . . . . . 1 . 1 . 9 . . . 5 . Kick . | . . . . . . . . . . . . . . . . . . . . . . . . . . . . . . . . Crush 2 | . . . . . . . . . . 2 . . . . . . . . . . . . . . . . . . . . . Escape Stasis 131 | . . . . . . . . . . . . . . 72 18 20 . . . . . . 12 . . . . 9 . . . Rewire 67 | . . . . . . . . . . 2 . 5 . . . 4 1 52 . . . . 2 1 . . . . . . . Trap . | . . . . . . . . . . . . . . . . . . . . . . . . . . . . . . . . Miscellaneous . | . . . . . . . . . . . . . . . . . . . . . . . . . . . . . . . . Route ------- -11/Scrapyard -10/Materials (discovered 2 exits: *Min x2) -10/Mines (discovered 2 exits: *Mat x2) -9/Materials (discovered 5 exits: *Mat x3 / *Min x2) -9/Mines -9/Exiles -8/Mines (discovered 2 exits: *Mat x2) -8/Materials -8/Garrison (discovered 2 exits: *Fac x2) -7/Factory -7/Garrison -7/Factory (discovered 2 exits: *Fac / Gar) -7/Garrison (discovered 3 exits: *Fac x3) -6/Factory (discovered 3 exits: Low x2 / Gar) -6/Garrison -6/Factory (discovered 7 exits: Fac x4 / *Low x2 / Gar) -6/Garrison (discovered 3 exits: *Fac x3) -5/Factory (discovered 4 exits: Upp x2 / *Ext x2) -5/Extension (discovered 2 exits: *Fac / *Cet) -5/Cetus (discovered 3 exits: *Fac x2 / [*Arc]) -4/Factory -4/Waste -4/Factory (discovered 3 exits: Upp x2 / Gar) -4/Garrison -3/Research (discovered 3 exits: *Res x3) -2/Research -2/Garrison -2/Research -2/Garrison -1/Access -1/Garrison -1/Access History --------- Turn | Location | Event 9 | -11/Scrapyard | Discovered new exit (range 16) 164 | -11/Scrapyard | Entered Materials 197 | -10/Materials | Identified exit to Mines 291 | -10/Materials | Entered Mines 298 | -10/Mines | Received a Rocket Launcher from a helpful Derelict 312 | -10/Mines | Build established: Mutant 325 | -10/Mines | A weapon hastily lodged in a ceiling crevice suddenly fell to the ground 428 | -10/Mines | Discovered new exit (range 10) 500 | -10/Mines | Destroyed YI-UF0 530 | -10/Mines | Lost 5 parts (1p2n2w) 546 | -10/Mines | Learned location of Mines (-8) 549 | -10/Mines | Found the Drone Emporium 550 | -10/Mines | Found Prototype Device 551 | -10/Mines | Identified Sensor Drone Bay 623 | -10/Mines | Discovered new exit (range 10) 894 | -10/Mines | Entered Materials 894 | -9/Materials | Evolved 2 slots: Utility x2 997 | -9/Materials | Discovered new exit (range 15) 1195 | -9/Materials | Discovered new exit (range 18) 1226 | -9/Materials | Identified exit to Materials 1754 | -9/Materials | Identified exit to Mines 1907 | -9/Materials | Discovered exit to Materials (range 16) 2057 | -9/Materials | Discovered exit to Mines (range 16) 2557 | -9/Materials | Discovered exit to Materials (range 7) 2598 | -9/Materials | Core integrity fell below 50% 2734 | -9/Materials | Repaired EM Shotgun 3006 | -9/Materials | Entered Mines 3014 | -9/Mines | Learned 2 Materials zone layouts 3051 | -9/Mines | Deemed a non-threat by the Exiles lab entrance 3051 | -9/Mines | Discovered new exit (range 5) 3056 | -9/Mines | Identified exit to Exiles 3058 | -9/Mines | Entered Exiles 3097 | -9/Exiles | Met 8R-AWN 3124 | -9/Exiles | Met EX-HEX 3175 | -9/Exiles | Met EX-BIN 3199 | -9/Exiles | Aligned with FarCom system 3201 | -9/Exiles | Given EX-Vault access code 3238 | -9/Exiles | Opened EX-Vault 3256 | -9/Exiles | Found Flying Fortress v7 3291 | -9/Exiles | Warned to stay clear of 0b10 Research branches 3337 | -9/Exiles | Met EX-DEC 3433 | -9/Exiles | Visited The Gauntlet 3805 | -9/Exiles | Discovered new exit (range 14) 3827 | -9/Exiles | Identified exit to Mines 3829 | -9/Exiles | Left Exiles lab with Flying Fortress v7 3829 | -9/Exiles | Entered Mines 3919 | -8/Mines | Discovered exit to Materials (range 15) 3932 | -8/Mines | Discovered exit to Materials (range 15) 4056 | -8/Mines | Entered Materials 4056 | -8/Materials | Evolved 2 slots: Propulsion x1, Utility x1 4180 | -8/Materials | Identified exit to Garrison 4180 | -8/Materials | Entered Garrison 4244 | -8/Garrison | Triggered checkpoint 4252 | -8/Garrison | Triggered checkpoint 4301 | -8/Garrison | Phase Generator disabled 4372 | -8/Garrison | Triggered checkpoint 4405 | -8/Garrison | Garrison Relay disabled 4507 | -8/Garrison | Discovered new exit (range 10) 4665 | -8/Garrison | Discovered new exit (range 17) 4693 | -8/Garrison | Identified exit to Factory 4704 | -8/Garrison | Installed Relay Interface Framework 4742 | -8/Garrison | Entered Factory 4742 | -7/Factory | Evolved 2 slots: Propulsion x1, Utility x1 5555 | -7/Factory | Identified exit to Garrison 5555 | -7/Factory | Entered Garrison 5585 | -7/Garrison | Triggered checkpoint 5745 | -7/Garrison | Lost 8 parts (1n1u6w) 5795 | -7/Garrison | Garrison Relay disabled 5845 | -7/Garrison | Triggered checkpoint 5895 | -7/Garrison | Spotted B-75 Beast 5895 | -7/Garrison | Spotted B-75 Beast 5928 | -7/Garrison | Triggered checkpoint 6086 | -7/Garrison | Discovered new exit (range 15) 6094 | -7/Garrison | Identified exit to Factory 6097 | -7/Garrison | Expanded RIF knowledge: Structural Interface 6119 | -7/Garrison | Phase Generator disabled 6161 | -7/Garrison | Entered Factory 6325 | -7/Factory | Build established: Scavenger-Mutant 6479 | -7/Factory | Fabricated Gyrokinetic Inverter? 6675 | -7/Factory | Build established: Scout 6974 | -7/Factory | Discovered new exit (range 12) 7120 | -7/Factory | Identified exit to Garrison 7123 | -7/Factory | Entered Garrison 7126 | -7/Garrison | Expanded RIF knowledge: Signal Jamming 7221 | -7/Garrison | Destroyed 8 combat bots 7296 | -7/Garrison | Triggered checkpoint 7303 | -7/Garrison | Triggered checkpoint 7430 | -7/Garrison | Triggered checkpoint 7442 | -7/Garrison | Core integrity fell below 50% 7590 | -7/Garrison | Discovered new exit (range 13) 7622 | -7/Garrison | Triggered checkpoint 7657 | -7/Garrison | Garrison Relay disabled 7726 | -7/Garrison | Discovered new exit (range 15) 7745 | -7/Garrison | Phase Generator disabled 7779 | -7/Garrison | Discovered new exit (range 5) 7787 | -7/Garrison | Entered Factory 7787 | -6/Factory | Evolved 2 slots: Power x1, Utility x1 7832 | -6/Factory | Identified exit to Lower Caves 7955 | -6/Factory | Build established: Mutant 8102 | -6/Factory | Allied Derelicts emerged from ambush trap array 8259 | -6/Factory | Garrison activated, responded to threat 8332 | -6/Factory | Identified exit to Garrison 8332 | -6/Factory | Entered Garrison 8335 | -6/Garrison | Expanded RIF knowledge: Threat Obfuscation 8366 | -6/Garrison | Triggered checkpoint 8462 | -6/Garrison | Garrison Relay disabled 8570 | -6/Garrison | Triggered checkpoint 8588 | -6/Garrison | Discovered new exit (range 11) 8619 | -6/Garrison | Destroyed 7 combat bots 8637 | -6/Garrison | Entered Factory 9139 | -6/Factory | Identified exit to Factory 9329 | -6/Factory | Build established: Hacker-Mutant 9364 | -6/Factory | Fabricated Remote Datajack? 9645 | -6/Factory | Identified exit to Garrison 9645 | -6/Factory | Entered Garrison 9664 | -6/Garrison | Phase Generator disabled 9706 | -6/Garrison | Garrison Relay disabled 9716 | -6/Garrison | Triggered checkpoint 9751 | -6/Garrison | Triggered checkpoint 9774 | -6/Garrison | Triggered checkpoint 9802 | -6/Garrison | Discovered exit to Factory (range 13) 9863 | -6/Garrison | Discovered exit to Factory (range 10) 9908 | -6/Garrison | Triggered checkpoint 9956 | -6/Garrison | Discovered exit to Factory (range 12) 9966 | -6/Garrison | Expanded RIF knowledge: Robot Detection 9989 | -6/Garrison | Triggered checkpoint 10038 | -6/Garrison | Garrison Relay disabled 10097 | -6/Garrison | Entered Factory 10097 | -5/Factory | Accompanied by 1 ally 10097 | -5/Factory | Evolved 2 slots: Utility x2 10113 | -5/Factory | Identified exit to Upper Caves 10113 | -5/Factory | Identified exit to Extension 10204 | -5/Factory | Fabricated Field Propulsion Array (x2) 10259 | -5/Factory | Central database locked down 10467 | -5/Factory | Entered Extension 10477 | -5/Extension | Disrupted transfer network 10505 | -5/Extension | Identified exit to Cetus 10568 | -5/Extension | Rescued a captive Derelict 10689 | -5/Extension | Rescued a captive Derelict 10690 | -5/Extension | Rescued a captive Derelict 10767 | -5/Extension | First assault squad dispatched 10803 | -5/Extension | Rescued A7 10823 | -5/Extension | Rescued a captive Derelict 10823 | -5/Extension | Rescued a captive Derelict 10823 | -5/Extension | Spotted B-75 Beast 10827 | -5/Extension | Spotted B-75 Beast 10843 | -5/Extension | Rescued a captive Derelict 10843 | -5/Extension | Rescued a captive Derelict 10918 | -5/Extension | Lost 3 parts (1u2w) 11004 | -5/Extension | Rescued a captive Derelict 11031 | -5/Extension | Rescued a captive Derelict 11120 | -5/Extension | Discovered new exit (range 10) 11152 | -5/Extension | Entered Cetus 11152 | -5/Cetus | Accompanied by 2 allies (A7) 11157 | -5/Cetus | Acquired a Cetus Manufacturing Module code from A7 11161 | -5/Cetus | Spotted Cetus Guard 11161 | -5/Cetus | Spotted Cetus Guard 11164 | -5/Cetus | Spotted Cetus Guard 11168 | -5/Cetus | Rewired Cetus Guard 11169 | -5/Cetus | Allies destroyed Cetus Guard 11171 | -5/Cetus | Allies destroyed Cetus Guard 11173 | -5/Cetus | Spotted Cetus Guard 11181 | -5/Cetus | Destroyed Cetus Guard 11236 | -5/Cetus | Started Cetus Manufacturing Module 11240 | -5/Cetus | Escorted A7 to Cetus Mainframe 11261 | -5/Cetus | Manufactured an Enhanced Grunt 11286 | -5/Cetus | Manufactured an Enhanced Grunt 11311 | -5/Cetus | Manufactured an Enhanced Grunt 11311 | -5/Cetus | Discovered new exit (range 16) 11324 | -5/Cetus | Spotted Cetus Guard 11325 | -5/Cetus | Spotted Cetus Guard 11327 | -5/Cetus | Spotted Cetus Guard 11330 | -5/Cetus | Rewired Cetus Guard 11336 | -5/Cetus | Manufactured an Enhanced Grunt 11337 | -5/Cetus | Spotted Cetus Guard 11346 | -5/Cetus | Allies destroyed Cetus Guard 11353 | -5/Cetus | Destroyed Cetus Guard 11354 | -5/Cetus | Allies destroyed Cetus Guard 11360 | -5/Cetus | Discovered new exit (range 16) 11361 | -5/Cetus | Manufactured an Enhanced Grunt 11364 | -5/Cetus | Met Revision 17 11441 | -5/Cetus | Discovered new exit (range 15) 11619 | -5/Cetus | Entered Factory 11619 | -4/Factory | Accompanied by 5 allies (A7) 11619 | -4/Factory | Evolved 2 slots: Utility x2 11624 | -4/Factory | Received a hacking code to weaken MAIN.C 11686 | -4/Factory | Sucked down chute 11686 | -4/Factory | Entered Waste 11705 | -4/Waste | Spotted C-40 Crusher 11707 | -4/Waste | Spotted C-40 Crusher 11712 | -4/Waste | Found Prototype Device 11714 | -4/Waste | Spotted C-40 Crusher 11784 | -4/Waste | Allies destroyed C-40 Crusher 11791 | -4/Waste | Identified Exp. Shield Generator 11793 | -4/Waste | Found Prototype Device 11793 | -4/Waste | Identified Exp. Thermal Shield 11805 | -4/Waste | Allies destroyed C-40 Crusher 11818 | -4/Waste | Allies destroyed C-40 Crusher 11829 | -4/Waste | Allies destroyed C-40 Crusher 11835 | -4/Waste | 4 allies followed down the chute 11871 | -4/Waste | Found Prototype Device 11871 | -4/Waste | Identified Adv. Kinecellerator 11885 | -4/Waste | Spotted C-40 Crusher 11897 | -4/Waste | Destroyed C-40 Crusher 11906 | -4/Waste | Allies destroyed C-40 Crusher 11939 | -4/Waste | Discovered new exit (range 12) 11956 | -4/Waste | Warlord forces began an assault 12068 | -4/Waste | Entered Factory 12068 | -4/Factory | Accompanied by 21 allies 12098 | -4/Factory | Spotted B-86 Titan 12103 | -4/Factory | Allies destroyed B-86 Titan 12115 | -4/Factory | Identified exit to Upper Caves 12246 | -4/Factory | Identified exit to Garrison 12266 | -4/Factory | Entered Garrison 12266 | -4/Garrison | Accompanied by 13 allies 12359 | -4/Garrison | Phase Generator disabled 12403 | -4/Garrison | Garrison Relay disabled 12442 | -4/Garrison | Garrison Relay disabled 12446 | -4/Garrison | Triggered checkpoint 12487 | -4/Garrison | Spotted B-86 Titan 12494 | -4/Garrison | Triggered checkpoint 12500 | -4/Garrison | Allies destroyed B-86 Titan 12502 | -4/Garrison | Triggered checkpoint 12528 | -4/Garrison | Triggered checkpoint 12544 | -4/Garrison | Discovered new exit (range 15) 12555 | -4/Garrison | Expanded RIF knowledge: Alert ID Control 12568 | -4/Garrison | Entered Research 12568 | -3/Research | Accompanied by 1 ally 12568 | -3/Research | Evolved 2 slots: Utility x2 12856 | -3/Research | System Shield fried by hacking feedback 12932 | -3/Research | P-80 Master assimilated allied G-67 Veteran 13044 | -3/Research | Lost 5 parts (2p2u1w) 13049 | -3/Research | Identified exit to Research 13052 | -3/Research | System corruption reached 10% 13155 | -3/Research | Core integrity fell below 50% 13155 | -3/Research | Entered another Research area 13155 | -2/Research | Evolved 2 slots: Utility x2 13185 | -2/Research | Lost 7 parts (1p4u2w) 13436 | -2/Research | Build established: Mutant 13482 | -2/Research | Identified exit to Garrison 13482 | -2/Research | Entered Garrison 13499 | -2/Garrison | Lost 6 parts (1p1n3u1w) 13519 | -2/Garrison | Spotted B-90 Cyclops 13550 | -2/Garrison | Triggered checkpoint 13689 | -2/Garrison | Core integrity fell below 50% 13705 | -2/Garrison | Discovered new exit (range 5) 13706 | -2/Garrison | Identified exit to Research 13709 | -2/Garrison | Expanded RIF knowledge: Threat Obfuscation 13711 | -2/Garrison | Entered Research 13722 | -2/Research | Lost 14 parts (1p3n5u5w) 14156 | -2/Research | Fabricated Field Propulsion Array? 14193 | -2/Research | Build established: Hacker-Mutant 14223 | -2/Research | Fabricated Med. Storage Unit (x1) 14259 | -2/Research | Found Prototype Hackware 14259 | -2/Research | Identified Exp. System Shield 14293 | -2/Research | Fabricated Lgt. Angular Momentum Engine? 14302 | -2/Research | Found Prototype Slashing Weapon 14445 | -2/Research | Identified exit to Garrison 14445 | -2/Research | Entered Garrison 14447 | -2/Garrison | Identified Centrium Greatsword 14448 | -2/Garrison | System corruption reached 10% 14487 | -2/Garrison | Spotted B-90 Cyclops 14490 | -2/Garrison | Triggered checkpoint 14512 | -2/Garrison | Triggered checkpoint 14520 | -2/Garrison | Discovered new exit (range 8) 14522 | -2/Garrison | Identified exit to Access 14523 | -2/Garrison | Entered Access 14523 | -1/Access | Evolved 2 slots: Power x1, Propulsion x1 14671 | -1/Access | Spotted B-99 Colossus 14685 | -1/Access | Identified exit to Garrison 14685 | -1/Access | Entered Garrison 14707 | -1/Garrison | Spotted B-99 Colossus 14712 | -1/Garrison | Core integrity fell below 50% 14722 | -1/Garrison | Core integrity fell below 20% 14723 | -1/Garrison | Discovered new exit (range 8) 14727 | -1/Garrison | Entered Access 14744 | -1/Access | Lost 17 parts (1p6n9u1w) 14984 | -1/Access | Build established: Mutant 15031 | -1/Access | Garrison activated, responded to threat 15116 | -1/Access | System corruption reached 10% 15143 | -1/Access | Destroyed by P-80 Master with Gamma Rifle Last Messages --------------- 14983_ Arcs of energy rise from the floor. 14983_ Tesla Rifle blown off. 14983_ U-05 Engineer lays Concrete. 14984_ Acquired Tesla Rifle. 15031_ A-15 Conveyor calls for garrison support. 15031_ ALERT: Activating Garrison Access A002. 15038_ P-80 Master resets P-80 Master, system corruption cleaned. 15039_ Activated siege mode. 15046_ P-80 Master resets P-80 Master, system corruption cleaned. 15056_ Tesla Rifle destroyed. 15056_ P-80 Master resets P-80 Master, system corruption cleaned. 15059_ System corrupted: HERF Cannon targeting data glitched. 15061_ P-80 Master resets P-80 Master, system corruption cleaned. 15068_ M0V=WGGHGG6F8B5FC0AW 15071_ Ended siege mode. 15074_ P-80 Master held in stasis. 15115_ Adv. Shield Generator destroyed. 15116_ AH#XGDW ASKDF97CX JJFB 15120_ P-80 Master held in stasis. [Achievement: Overachiever] Map ----- +----------------------------------------------------+ | #????????????????????????????????????????????? | | #????????????????????????????????????????????? | | #????????????????????????????????????????????? | | +????????????????????????????????????????????? | | #????????????????????????????????????????????? | | #????????????????????????????????????????????? | | #????????????????????????????????????????????? | | +????????????????????????????????????????????? | | #????????????????????????????????????????????? | | #????????????????????????????????????????????? | | +????????????????????????????????????????????? | | #????????????????????????????????????????????? | | #????????????????????????????????????????????? | | #??????????????????????????? ??????????????? | | /#######??????????????????????? ???l????????? | | #??????????????????????? ?g??????????? | | #?????????????????????? g??????????? | | #?????????????????????? ???????????? | | #????????????????????? ??????????? | | #??????############### ???????????? | | #??????# ?????????????? | | ######## uu ???????????????? | | / t ???????????????? | | ######## ???????????????? | | #??????# p ???????????????? | | #??????#####+#####@###????????????????????? | | #??????????# p #????????????????????? | | ########??????????# p #????????????????????? | | ??????????????????# " #????????????????????? | | ??????????????????#""" #????????????????????? | | ??????????????????# """ #????????????????????? | | ??????????????????# " #????????????????????? | | ??????????????????# #????????????????????? | | ??????????????????# #????????????????????? | | ??????????????????###########????????????????????? | | ?????????????????????????????????????????????????? | | | | | | | | | | | | | | | | | | | | | | | | | | | | | +----------------------------------------------------+ Best States ------------- Heat Dissipation 93 Energy Generation 49 Energy Capacity 1600 Matter Stores 300 Matter Capacity 300 Sight Range 20 Terrain Scan Range 24 Terrain Scan Density 210 Jamming Range 16 Power Amplification 20 Additional Mass Support 9 Base Temperature (-) 200 Armor Coverage 450 Propulsion Shielding 66 Evasion (%) 74 Targeting Accuracy 16 Melee Accuracy 6 Core Analysis 10 Recoil Reduction 3 Stasis Canceling 2 Offensive Hacking 24 Defensive Hacking 20 Relay Coupler Types 43 Relay Coupler Value 1 Item Schematics ----------------- Med. Storage Unit | -9/Materials | Scanalyzed Imp. Flight Unit | -9/Materials | Scanalyzed Lgt. Angular Momentum Engine | -7/Factory | Scanalyzed Adv. Cooling System | -7/Factory | Hacked Hvy. Plasma Cannon | -7/Factory | Hacked Tesla Rifle | -6/Factory | Hacked Remote Datajack | -6/Factory | Scanalyzed Magnetic Acceleration Cannon | -6/Factory | Scanalyzed Field Propulsion Array | -6/Factory | Hacked Hacking Suite | -6/Factory | Hacked Adv. Force Field | -5/Factory | Hacked Exp. Shield Generator | -4/Factory | Scanalyzed Adv. Transmission Jammer | -3/Research | Scanalyzed Robot Schematics ------------------ None Fabricated ------------ Gyrokinetic Inverter | x2 | -7/Factory | Preloaded Remote Datajack | x1 | -6/Factory Field Propulsion Array | x2 | -5/Factory Field Propulsion Array | x2 | -2/Research Med. Storage Unit | x1 | -2/Research Lgt. Angular Momentum Engine | x2 | -2/Research Alien Tech Used ----------------- None Achievements -------------- Generalissimo Main Advantage Overachiever Production Line Project G-00 Quantum Hacking Revising The Future True Hacker We Are Legion root@ Challenges ------------ None Game ------ Seed CombatBombMicrothruster Manual? 0 Play Time 05:29:52 Cumulative 101.8 hours Start 2020.12.14 @ 08:41:19 End 2020.12.15 @ 10:41:13 Sessions 5 Manual Loads 0 Difficulty Rogue Special Mode None Game No. 69 Rogue 69 Adventurer 0 Explorer 0 Win Type - Total 0 Types 0/0/0/0/0/0/0/0/0 Lore% 57 Gallery% 59 Achievement% 51 Wizard Run 0 Options --------- ASCII 0 Keyboard 0 Movement Numpad Keybinds 0 Fullscreen 1 Font 18/SmallcapsGlow Map View 76x50 Tactical HUD 1 Map Filters NONE Filters NONE Steam 1 RUN: b4380165-4206-4bfd-a756-2647e85ad4b1